 Dungeon Crawl Stone Soup version 0.28-a0-1624-g820543e53a (webtiles) character file.

Game seed: 2550621115098583390

198 HallandMoats the Vandal (level 5, -20/45 HPs)
             Began as a Ghoul Hunter on Jan 23, 2022.
             Was a Follower of Uskayaw.
             Demolished by an ogre (28 damage)
             ... on level 4 of the Dungeon.
             The game lasted 00:02:07 (2887 turns).

HallandMoats the Vandal (Ghoul Hunter)              Turns: 2887, Time: 00:02:07

Health: -20/45     AC:  5    Str: 16    XL:     5   Next: 77%
Magic:  4/4        EV: 11    Int:  6    God:    Uskayaw [*.....]
Gold:   102        SH:  0    Dex: 11    Spells: 4/4 levels left

rFire   . . .      SeeInvis .   b - +1 dagger (venom)
rCold   + . .      Faith    .   (no shield)
rNeg    + + +      Spirit   .   o - +0 ring mail
rPois   ∞          Reflect  .   (no helmet)
rElec   .          Harm     .   (no cloak)
rCorr   .          Rampage  .   (no gloves)
Will    .....                   (no boots)
Stlth   +.........              (no amulet)
HPRegen 0.00/turn               (no ring)
MPRegen 0.09/turn               (no ring)

@: inhibited regen
A: claws 1, cold resistance 1, negative energy resistance 3, inhibited
regeneration, torment resistance 2
a: Renounce Religion, Stomp


You were on level 4 of the Dungeon.
You worshipped Uskayaw.
Uskayaw was noncommittal.
You visited 1 branch of the dungeon, and saw 4 of its levels.

You collected 102 gold pieces.

Inventory:

Hand Weapons
 a - a +1 hunting sling
 b - a +1 dagger of venom (weapon)
Missiles
 d - 14 sling bullets
 e - 18 stones (quivered)
Armour
 o - a +0 ring mail (worn)
Wands
 j - a wand of flame (14)
Scrolls
 f - a scroll of teleportation {unknown}
 k - a scroll of noise {unknown}
 l - 2 scrolls of fear {unknown}
 p - a scroll of magic mapping {unknown}
Potions
 c - a potion of lignification {unknown}
 g - a potion of heal wounds {unknown}
 h - 2 potions of magic {unknown}
 i - a potion of ambrosia {unknown}
 m - a potion of degeneration {unknown}
 n - 2 potions of brilliance {unknown}


   Skills:
 + Level 3.3 Fighting
 * Level 4.8 Slings
 + Level 1.8 Armour
 + Level 2.7 Dodging
 - Level 1.1 Stealth


You had 4 spell levels left.
You didn't know any spells.
Your spell library contained the following spells:

 Spells                   Type           Power      Damage    Failure   Level
 Freeze                   Ice            0%         1d3       67%         1
 Frozen Ramparts          Ice            0%         1d2       95%         3
 Hailstorm                Conj/Ice       0%         3d3       100%        4
 Petrify                  Tmut/Erth      0%         N/A       100%        4
 Irradiate                Conj/Tmut      0%         3d13      100%        5
 Sublimation of Blood     Necr           Unusable   N/A       N/A         2

Dungeon Overview and Level Annotations

Branches:
Dungeon (4/15)
 Temple: D:4-7

Altars:
Uskayaw


Innate Abilities, Weirdness & Mutations

You thrive by killing the living.
You are immune to poison.
You have sharp fingernails.
Your flesh is cold resistant. (rC+)
You are immune to negative energy. (rN+++)
You do not regenerate when monsters are visible.
You are immune to unholy pain and torment.


Message History

You kill the shadow imp!
There are monsters nearby!
There are monsters nearby!
You shoot a sling bullet.
The sling bullet hits the giant cockroach.
The giant cockroach is almost dead.
The giant cockroach closely misses you.
There are monsters nearby!
You shoot a sling bullet.
The sling bullet closely misses the giant cockroach.
The giant cockroach closely misses you.
You shoot a sling bullet.
The sling bullet hits the giant cockroach but does no damage.
The giant cockroach is almost dead.
The giant cockroach closely misses you. The ogre hits you with a +0 giant club!
A goblin comes into view. It is wielding a +0 club.
There are monsters nearby!
There are monsters nearby!
You shoot a sling bullet.
The sling bullet closely misses the giant cockroach.
The sling bullet misses the goblin.
The goblin shouts!
The giant cockroach barely misses you.
The ogre hits you with a +0 giant club!!
* * * LOW HITPOINT WARNING * * *
You are too injured to fight recklessly!
Unknown command.
You are too injured to fight recklessly!
Unknown command.
You are too injured to fight recklessly!
Unknown command.
You are too injured to fight recklessly!
Your +1 dagger of venom begins to drip with poison!
b - a +1 dagger of venom (weapon)
The giant cockroach bites you.
* * * LOW HITPOINT WARNING * * *
You completely miss the ogre. The giant cockroach closely misses you.
The ogre hits you with a +0 giant club!!
Ouch! That really hurt!
You die...

###########
.......(..#
..........#
..........
....!..(.#
.........#
......O(.#
($g...B@.#
.........+
.........#
.......<.#
.........#
.........#
.........#
.........#


You could see an ogre, a giant cockroach and a goblin.

Vanquished Creatures
  Natasha (thrice) (D:2)
  6 adders
  A shadow imp (D:4)
  A worm (D:2)
  2 dart slugs (D:1)
  5 endoplasms
  A giant cockroach (D:1)
  4 goblins
  7 hobgoblins
  A quokka (D:1)
  6 ball pythons (D:3)
  4 bats (D:1)
  5 frilled lizards
  10 kobolds
  4 rats
60 creatures vanquished.

Notes
Turn   | Place    | Note
-------+----------+-------------------------------------------
     0 | D:1      | HallandMoats the Ghoul Hunter began the quest for the Orb.
     0 | D:1      | Reached XP level 1. HP: 17/17 MP: 0/0
    73 | D:1      | Found a faded altar of an unknown god.
    95 | D:1      | Prayed at the altar of an unknown god.
    95 | D:1      | Became a worshipper of Uskayaw the Reveller
    95 | D:1      | Reached * piety under Uskayaw
   253 | D:1      | Reached ** piety under Uskayaw
   255 | D:1      | Reached XP level 2. HP: 25/25 MP: 1/1
   430 | D:1      | Reached *** piety under Uskayaw
   435 | D:1      | Reached **** piety under Uskayaw
   601 | D:1      | Reached XP level 3. HP: 30/30 MP: 2/2
   602 | D:1      | Reached skill level 4 in Slings
   839 | D:2      | Noticed Natasha
   847 | D:2      | Killed Natasha
   848 | D:2      | Reached skill level 1 in Armour
   848 | D:2      | Reached XP level 4. HP: 29/37 MP: 3/3
   935 | D:2      | Noticed Natasha
   941 | D:2      | Killed Natasha
  1213 | D:2      | Noticed Natasha
  1225 | D:2      | Killed Natasha
  1226 | D:2      | Reached XP level 5. HP: 29/45 MP: 4/4
  2876 | D:4      | Noticed an ogre
  2887 | D:4      | Demolished by an ogre

Illustrated notes

Levels and vault maps discovered:
D:1:      amcnicky_arrival_underground_garden, layout_basic,
          dreamdust_ecumenical_altar_hidden_monk_grotto
D:2:      layout_loops_corners, uniq_natasha
D:3:      layout_basic
D:4:      layout_gridville, gup_sewer_entry_spiral

Skill      XL: |  1  2  3  4 |
---------------+-------------+-----
Dodging        | 2 |  2.7
Slings         | 4 |  4.8
Armour         | 1 |  1.8
Fighting       | 3 |  3.3
Stealth        | |  1.1

Action                   |  1- 3 |  4- 6 || total
-------------------------+-------+-------++-------
Melee: Short sword       |     3 |       ||     3
       Dagger            |       |     1 ||     1
 Fire: Hunting sling     |    82 |   131 ||   213
Armor: Leather armour    |    12 |     5 ||    17
       Ring mail         |       |     4 ||     4
Dodge: Dodged            |    15 |    31 ||    46

Table legend: (Time is in decaauts)
 A = Elapsed time spent in this place.
 B = Non-inter-level travel time spent in this place.
 C = Inter-level travel time spent in this place.
 D = Time resting spent in this place.
 E = Time spent auto-exploring this place.
 F = Levels seen in this place.
 G = Mean time per level.
                   A        B        C        D        E       F      G
               +--------+--------+--------+--------+--------+-----+--------+
         Total |   2886 |   2765 |    121 |      0 |   2377 |   4 |  721.5 |
       Dungeon |   2886 |   2765 |    121 |      0 |   2377 |   4 |  721.5 |
               +--------+--------+--------+--------+--------+-----+--------+

Top non-repeatable levels by time:
     D:2: 1376 daAuts
     D:1: 777 daAuts
     D:3: 722 daAuts
     D:4: 10 daAuts
